 Dungeon Crawl Stone Soup version 0.30-a0-359-gd0147acb1a (webtiles) character file.

Game seed: 13470683546070507001

448 jlumianski the Chopper (level 6, 0/48 HPs)
             Began as a Demonspawn Fighter on Nov 12, 2022.
             Slain by an orc warrior
             ... wielding a +0 halberd
              (2 damage)
             ... on level 4 of the Dungeon on Nov 13, 2022.
             The game lasted 00:19:49 (3649 turns).

jlumianski the Chopper (Demonspawn Fighter)         Turns: 3649, Time: 00:19:49

Health: 0/48       AC:  9    Str: 18    XL:     6   Next: 73%
Magic:  6/6        EV: 15    Int: 10    God:
Gold:   273        SH:  9    Dex: 12    Spells: 5/5 levels left

rFire   . . .      SeeInvis +    a - +1 war axe
rCold   . . .      Faith    .    c - +0 buckler
rNeg    . . .      Spirit   .    o - +2 scale mail {rPois}
rPois   +          Reflect  .    (no helmet)
rElec   .          Harm     .    (no cloak)
rCorr   .          Rampage  .    (no gloves)
Will    .....                    (no boots)
Stlth   ..........               (no amulet)
HPRegen 0.28/turn                e - +4 ring of evasion
MPRegen 0.10/turn                f - ring of see invisible

@: no status effects
A: repulsion field 1, condensation shield
a: no special abilities


You were on level 4 of the Dungeon.
You visited 1 branch of the dungeon, and saw 6 of its levels.

You collected 273 gold pieces.

Inventory:

Hand Weapons
 a - a +1 war axe (weapon)
 A - the +3 sling of Intuition {freeze, rF+ Int+4 Dex-4}
   (You found it on level 4 of the Dungeon)

   Any ammunition fired from it freezes those it strikes, dealing additional
   cold damage.
   It can also slow down cold-blooded creatures.
   Int:       It affects your intelligence (+4).
   Dex:       It affects your dexterity (-4).
   rF:        It protects you from fire.
Missiles
 j - 6 boomerangs (quivered)
 y - 6 poisoned darts
Armour
 b - a +0 scale mail
 c - a +0 buckler (worn)
 n - a +0 chain mail
 o - a +2 scale mail of poison resistance (worn)
Jewellery
 e - a +4 ring of evasion (left hand)
 f - a ring of see invisible (right hand)
 h - a +6 ring of dexterity
 s - a ring of fire
 x - an amulet of the acrobat
Wands
 w - a wand of flame (2)
 E - a wand of charming (13)
Scrolls
 g - a scroll of magic mapping
 k - a scroll of enchant weapon
 l - a scroll of amnesia {unknown}
 t - a scroll of poison
 z - 2 scrolls of enchant armour {unknown}
 C - a scroll of acquirement {unknown}
Potions
 d - 3 potions of might
 i - a potion of resistance
 m - a potion of curing
 p - a potion of degeneration
 q - a potion of brilliance
 r - a potion of berserk rage
 u - a potion of invisibility {unknown}
 v - a potion of ambrosia {unknown}
 B - a potion of lignification {unknown}
 D - a potion of flight {unknown}


   Skills:
 + Level 3.7 Fighting
 + Level 4.2 Axes
 + Level 4.1 Armour
 + Level 1.1 Dodging
 + Level 0.2 Stealth
 + Level 3.9 Shields


You had 5 spell levels left.
You didn't know any spells.
Your spell library contained the following spells:

 Spells                   Type           Power      Damage    Failure   Level
 Gell's Gravitas          Tloc           0%         N/A       99%         3
 Lesser Beckoning         Tloc           0%         N/A       99%         3
 Teleport Other           Tloc           0%         N/A       99%         3


Dungeon Overview and Level Annotations

Branches:
Dungeon (6/15)
 Temple: D:4-7

Altars:


Innate Abilities, Weirdness & Mutations

You are surrounded by a mild repulsion field. (EV +2)
A meltable shield of frost defends you. (SH +4)


Message History

You block the orc warrior's attack.
The orc warrior hits you with a +0 halberd!
You completely miss the orc warrior.
The orc warrior is lightly wounded.
The orc warrior misses you. You block the orc warrior's attack.
You hit the orc warrior.
The orc warrior is lightly wounded.
You block the orc warrior's attack.
You closely miss the orc warrior.
The orc warrior is lightly wounded.
The orc warrior closely misses you.
You hit the orc warrior but do no damage.
The orc warrior is lightly wounded.
The orc warrior misses you.
The orc warrior hits you with a +0 halberd.
You hit the orc warrior but do no damage.
The orc warrior is lightly wounded.
The orc warrior misses you.
You hit the orc warrior but do no damage.
The orc warrior is lightly wounded.
You block the orc warrior's attack.
You hit the orc warrior.
The orc warrior is moderately wounded.
The orc warrior hits you with a +0 halberd!
The orc warrior completely misses you.
You completely miss the orc warrior.
The orc warrior is moderately wounded.
You block the orc warrior's attack.
You closely miss the orc warrior.
The orc warrior is moderately wounded.
The orc warrior hits you with a +0 halberd.
You closely miss the orc warrior.
The orc warrior is moderately wounded.
The orc warrior hits you with a +0 halberd!!
* * * LOW HITPOINT WARNING * * *
You block the orc warrior's attack.
You closely miss the orc warrior.
The orc warrior is moderately wounded.
The orc warrior hits you with a +0 halberd.
You die...

#................#.####
#................#.....
#..................#...
##...........####...#.##
#...........#####...#.#
#>.............)......#
#...................[.##
#...######..#.....#.....
#|#####.o@.#..##..........
#+#...'.##.##..#..........
# #...#.##.#...##.........
#..'..K#....#.....##.......
###########)##.##.##.......
#......#.....#.##.##...(...
#.#..#.#.#)#.#.##.#........
#......#.....#.##....>.....
#......#†#.#.#.#####.......


You could see an orc warrior.

Vanquished Creatures
  A bullfrog (D:4)
  A howler monkey (D:6)
  A hound (D:4)
  2 orc priests (D:4)
  Jessica (D:3)
  Ijyb (D:4)
  An orc wizard (D:4)
  5 gnolls
  4 adders
  A shadow imp (D:3)
  3 dart slugs
  10 orcs
  6 bats
  7 endoplasms
  3 giant cockroaches (D:3)
  12 goblins
  3 hobgoblins
  2 jackals (D:4)
  6 kobolds
  3 quokkas
  6 ball pythons
  A frilled lizard (D:2)
  3 rats (D:3)
83 creatures vanquished.

Vanquished Creatures (others)
  4 plants
4 creatures vanquished.

Grand Total: 87 creatures vanquished

Notes
Turn   | Place    | Note
-------+----------+-------------------------------------------
     0 | D:1      | jlumianski the Demonspawn Fighter began the quest for the
                  | Orb.
     0 | D:1      | Reached XP level 1. HP: 18/18 MP: 1/1
   159 | D:1      | Gained mutation: You are surrounded by a mild repulsion
                  | field. (EV +2) [demonic ancestry]
   159 | D:1      | Reached XP level 2. HP: 24/24 MP: 2/2
   882 | D:2      | Gained mutation: A meltable shield of frost defends you.
                  | (SH +4) [demonic ancestry]
   882 | D:2      | Reached XP level 3. HP: 21/29 MP: 3/3
  1411 | D:5      | Entered Level 5 of the Dungeon
  1411 | D:5      | Noticed a scorpion
  1420 | D:4      | Noticed Ijyb
  1451 | D:3      | HP: 1/29 [poisoned by an adder]
  1605 | D:3      | Noticed Jessica
  1623 | D:3      | Killed Jessica
  1624 | D:3      | Reached XP level 4. HP: 12/35 MP: 4/4
  2400 | D:3      | Reached XP level 5. HP: 26/41 MP: 5/5
  3224 | D:4      | Killed Ijyb
  3225 | D:4      | Reached XP level 6. HP: 26/47 MP: 6/6
  3359 | D:4      | Identified the +3 sling of Intuition {freeze, rF+ Int+4
                  | Dex-4}
  3401 | D:6      | Reached skill level 1 in Dodging
  3513 | D:4      | Noticed an orc warrior
  3648 | D:4      | HP: 2/48 [orc warrior/+0 halberd (18)]
  3649 | D:4      | Slain by an orc warrior

Illustrated notes

Levels and vault maps discovered:
D:1:      dpeg_arrival_renting, layout_loops_ring, serial_bayou_lagoon_b
D:2:      kennysheep_big_flooded_room, layout_basic, kennysheep_generic_room_13
D:3:      layout_basic, uniq_jessica
D:4:      minmay_clustersquares, layout_rooms, nicolae_kite_square_tiling_tiny,
          minmay_liquid_box, minivault_14, uniq_ijyb
D:5:      nicolae_BIG_FREAKIN_CUBE, layout_basic,
          gammafunk_temple_overflow_forgotten
D:6:      layout_gridville, makhleb_altar_promises_db, kennysheep_mini_moat,
          serial_bayou, serial_bayou_shore_a, serial_bayou_shore_b,
          serial_bayou_ford_a, serial_bayou_shore_b,
          chequers_serial_rivers_room_b, uniq_eustachio

Skill      XL: |  1  2  3  4  5  6 |
---------------+-------------------+-----
Axes           | 2 3 4 |  4.2
Armour         | 3 4 |  4.1
Shields        | 3 |  3.9
Dodging        | 1 |  1.1
Fighting       | |  3.7
Stealth        | |  0.2

Action                   |  1- 3 |  4- 6 || total
-------------------------+-------+-------++-------
Melee: War axe           |    85 |   191 ||   276
Throw: Boomerang         |     2 |     7 ||     9
  Use: Scroll            |     7 |     1 ||     8
       Potion            |     3 |       ||     3
Armor: Scale mail        |    34 |    50 ||    84
       Chain mail        |       |     2 ||     2
Dodge: Dodged            |    71 |   153 ||   224
Block: Buckler           |    31 |   119 ||   150

Table legend: (Time is in decaauts)
 A = Elapsed time spent in this place.
 B = Non-inter-level travel time spent in this place.
 C = Inter-level travel time spent in this place.
 D = Time resting spent in this place.
 E = Time spent auto-exploring this place.
 F = Levels seen in this place.
 G = Mean time per level.
                   A        B        C        D        E       F      G
               +--------+--------+--------+--------+--------+-----+--------+
         Total |   3790 |   3777 |     13 |    376 |   1728 |   6 |  631.7 |
       Dungeon |   3790 |   3777 |     13 |    376 |   1728 |   6 |  631.7 |
               +--------+--------+--------+--------+--------+-----+--------+

Top non-repeatable levels by time:
     D:3: 1484 daAuts
     D:1: 884 daAuts
     D:4: 719 daAuts
     D:2: 646 daAuts
     D:6: 28 daAuts
     D:5: 27 daAuts
